 Dungeon Crawl Stone Soup version 0.17.1-1-g73c8601 (webtiles) character file.

50329 ricardofg the Thaumaturge (level 14, -2/84 HPs)
             Began as a Gargoyle Earth Elementalist on Apr 19, 2016.
             Was a High Priest of Vehumet.
             Slain by a dire elephant (16 damage)
             ... on level 8 of the Lair of Beasts on Apr 20, 2016.
             The game lasted 02:14:40 (24469 turns).

ricardofg the Thaumaturge (GrEE)                   Turns: 24469, Time: 02:14:40

Health: -2/84      AC: 25    Str:  8    XL:     14   Next: 54%
Magic:  2/47       EV: 13    Int: 24    God:    Vehumet [*****.]
Gold:   1658       SH:  6    Dex: 10    Spells: 6 memorised, 17 levels left

rFire  . . .     SeeInvis +     u - +1 whip (elec)
rCold  + . .     Clarity  .     V - +3 leather armour of Modesty {MP+9}
rNeg   + + .     SustAt   .     y - +2 buckler {rC+}
rPois  ∞         Gourm    .     (no helmet)
rElec  +         Spirit   .     q - +1 cloak
rCorr  .         Warding  .     S - +0 pair of gloves
rMut   .         Stasis   .     z - +0 pair of boots of Levity {rN+ Str-4 Int+3} (curse)
MR     +....                    (no amulet)
Stlth  ++........               X - ring of magical power
                                N - ring of see invisible

@: stone skin, flying, somewhat resistant to hostile enchantments, unstealthy
A: big wings, negative energy resistance 1, electricity resistance, unbreathing,
petrification resistance, rot immunity, AC +9
a: Stop Flying, Renounce Religion


You were on level 8 of the Lair of Beasts.
You worshipped Vehumet.
Vehumet was extremely pleased with you.
You were not hungry.

You visited 3 branches of the dungeon, and saw 19 of its levels.
You also visited: Bailey.

You collected 1658 gold pieces.

Inventory:

Hand Weapons
 p - a +3 quarterstaff of chaos
 u - a +1 whip of electrocution (weapon)
Missiles
 b - 235 stones (quivered)
Armour
 q - a +1 cloak (worn)
 y - a +2 buckler of cold resistance (worn)
 z - the cursed +0 pair of boots of Levity (worn) {rN+ Str-4 Int+3}
   (You found it on level 8 of the Lair of Beasts)

   It affects your strength (-4).
   It affects your intelligence (+3).
   It protects you from negative energy.
   It has a curse placed upon it.
 S - a +0 pair of gloves (worn)
 V - the +3 leather armour of Modesty (worn) {MP+9}
   (You found it on level 1 of the Lair of Beasts)

   It affects your magic capacity (+9).
Jewellery
 x - an uncursed ring of positive energy
 A - an uncursed ring of sustain attributes
 I - an uncursed ring of ice
 N - a ring of see invisible (left hand)
 R - an uncursed ring of fire
 X - a ring of magical power (right hand)
Wands
 c - a wand of enslavement (12)
 d - a wand of draining (7)
 k - a wand of enslavement (10)
 r - a wand of cold (8)
 w - a wand of invisibility (4)
 B - a wand of draining (6)
 T - a wand of flame (28)
Scrolls
 a - a scroll of magic mapping
 e - 16 scrolls of remove curse
 j - a scroll of silence {unknown}
 s - 8 scrolls of teleportation
 t - a scroll of enchant weapon
 K - 2 scrolls of fog
 O - 2 scrolls of blinking
 Q - a scroll of fear
Potions
 g - 3 potions of lignification
 h - a potion of magic {unknown}
 m - a potion of agility
 n - a potion of haste
 o - 2 potions of brilliance
 v - 2 potions of flight {unknown}
 J - 4 potions of curing
Miscellaneous
 G - a phantom mirror
Comestibles
 f - a bread ration
 l - 6 meat rations


   Skills:
 + Level 8.7 Fighting
 + Level 8.1 Maces & Flails
 - Level 5.0 Armour
 + Level 6.7 Dodging
 - Level 2.1 Stealth
 - Level 4.0 Shields
 * Level 11.5 Spellcasting
 + Level 9.3 Conjurations
 - Level 0.7 Transmutations
 + Level 7.5 Fire Magic
 + Level 11.2 Earth Magic
 + Level 6.6 Evocations


You had 17 spell levels left.
You knew the following spells:

 Your Spells              Type           Power        Failure   Level  Hunger
a - Sandblast             Erth           ######       1%          1    None
b - Stone Arrow           Conj/Erth      ######       1%          3    None
c - Stoneskin             Trmt/Erth      #####...     1%          2    None
d - Lee's Rapid Deconstr  Erth           ######....   1%          5    ####...
e - Ignite Poison         Fire/Trmt/Pois ####....     2%          3    None
f - Bolt of Magma         Conj/Fire/Erth ######....   1%          5    ####...


Dungeon Overview and Level Annotations

Branches:
Dungeon (10/15)            Temple (1/1) D:6            Lair (8/8) D:10
  Swamp (0/4) Lair:5       Spider (0/4) Lair:4          Orc (0/4) D:10
  Slime: Lair:6-8

Altars:
Ashenzari
Cheibriados
Dithmenos
Elyvilon
Fedhas
Gozag
Kikubaaqudgha
Makhleb
Nemelex Xobeh
Okawaru
Qazlal
Ru
Sif Muna
Trog
Vehumet
Xom
Yredelemnul
Zin
The Shining One
Beogh

Shops:
D:4 =   D:5 [   D:7 =   D:10 %

Annotations:
D:3 exclusion: downstairs
D:9 exclusion: door
Lair:6 exclusion: oklob plant


Innate Abilities, Weirdness & Mutations

You are resistant to torment.
Your stone body is resilient (AC +9).
You are immune to poison.
Your large and strong wings let you fly indefinitely.
You resist negative energy.
You are resistant to electric shocks.
You can survive without breathing.
You are immune to petrification.
You are immune to rotting.


Message History

The dire elephant is severely wounded.
The bolt of magma hits the dire elephant.
You kill the dire elephant!
Vehumet accepts your kill.
You feel your power returning.
The dire elephant completely misses you.
The dire elephant trunk-slaps you but does no damage.
Casting: Bolt of Magma
Confirm with . or Enter, or press ? or * to list all spells.
Aiming: Bolt of Magma
Press: ? - help, Shift-Dir - straight line, f - dire elephant
Aim: a dire elephant (severely wounded)
The bolt of magma hits the dire elephant.
The dire elephant is almost dead.
The dire elephant tramples you!!
* * * LOW HITPOINT WARNING * * *
You are shoved backwards!
Drink which item? (? for menu, Esc to quit)
You feel better. The dire elephant tramples you!
You die...

.................................
####'''########♣.......♣♣###♣##..
..P...........###....♣##########.
###8.⌠.8#####...##♣♣♣##...P..# #.
##8.8###.≈###.#### #......# #.
######.≈§≈≈#....####.P...P# #.
##!...#≈≈≈§.####....#'###### #.
#)(...'≈≈≈≈.#8.####.#.# #.
#}[!..'≈≈§.†'Y@...#...# #.
##=...##≈≈.##8....#8..# ## #####
#########''##'### #...#....##♣8♣
##..........♣ ###P......##
####..### ####


You could see a dire elephant.

Vanquished Creatures
  Kirke (Lair:5)
  A dire elephant (Lair:8)
  5 hydras
  A centaur warrior (D:10)
  The ghost of kkf5m the Blocker, a novice MiFi of Qazlal (Bailey)
  An anaconda (Lair:8)
  An unseen horror (D:10)
  A necromancer (Lair:7)
  Pikel (D:4)
  2 hill giants (D:10)
  An orb spider (Lair:4)
  A griffon (Lair:8)
  14 elephants
  10 spiny frogs
  Psyche (D:8)
  3 black mambas
  2 torpor snails
  12 komodo dragons
  5 fire drakes
  A two-headed ogre (D:9)
  2 trolls
  21 blink frogs
  A slime creature (Lair:6)
  47 yaks
  3 hogs
  A deep elf mage (D:10)
  A hungry ghost (D:10)
  10 hippogriffs
  2 basilisks
  A deep elf fighter (D:10)
  Menkaure (D:4)
  14 wolves
  13 water moccasins
  3 sky beasts
  14 porcupines
  2 slaves (D:4)
  5 ogres
  A phantom (D:10)
  3 ice beasts
  4 orc warriors
  4 centaurs
  3 big kobolds
  12 crocodiles
  4 scorpions
  13 giant frogs
  5 wights (D:7)
  15 killer bees
  6 crimson imps
  A centaur skeleton (D:5)
  2 jellies
  6 hounds
  Crazy Yiuf (D:2)
  6 orc priests
  4 orc wizards
  7 iguanas
  5 worker ants
  A giant frog skeleton (D:6)
  2 yak simulacra (Lair:7)
  3 wolf simulacra (Lair:7)
  4 polar bear simulacra (Lair:7)
  13 sheep
  A hound zombie (D:7)
  77 river rats
  6 gnolls
  A shadow imp (D:5)
  6 adders
  12 white imps (Lair:8)
  2 oozes
  A worm (D:3)
  3 giant geckos
  26 orcs
  6 giant cockroaches
  4 hobgoblins
  10 jackals
  2 quokkas
  3 ball pythons
  A ball python skeleton (D:5)
  16 bats
  A giant gecko skeleton (D:6)
  5 giant newts
  5 goblins
  2 jackal skeletons
  2 jackal zombies
  42 kobolds
  A quokka skeleton (D:4)
  19 rats
  2 river rat simulacra (Lair:7)
  7 plants
594 creatures vanquished.

Vanquished Creatures (others)
  A porcupine (Lair:4)
  A bush (Lair:7)
  49 fungi
  28 plants
79 creatures vanquished.

Grand Total: 673 creatures vanquished

Notes
Turn   | Place    | Note
--------------------------------------------------------------
     0 | D:1      | ricardofg the Gargoyle Earth Elementalist began the quest for the Orb.
     0 | D:1      | Reached XP level 1. HP: 10/10 MP: 3/3
   854 | D:1      | Reached XP level 2. HP: 15/15 MP: 3/5
  1499 | D:2      | Reached skill level 4 in Earth Magic
  1499 | D:2      | Reached XP level 3. HP: 2/19 MP: 3/7
  1504 | D:2      | Learned a level 3 spell: Stone Arrow
  1792 | D:2      | Found a faded altar to an unknown god.
  1889 | D:2      | Noticed Crazy Yiuf
  1897 | D:2      | Killed Crazy Yiuf
  1897 | D:2      | Reached XP level 4. HP: 24/24 MP: 3/9
  2106 | D:2      | Found an iron altar of Okawaru.
  2454 | D:3      | Reached skill level 1 in Conjurations
  2938 | D:3      | Learned a level 2 spell: Stoneskin
  3220 | D:3      | Reached XP level 5. HP: 28/28 MP: 5/10
  3775 | D:4      | Noticed Menkaure
  3785 | D:4      | Killed Menkaure
  3785 | D:4      | Reached skill level 5 in Earth Magic
  3785 | D:4      | Reached XP level 6. HP: 20/32 MP: 7/12
  3794 | D:4      | Learned a level 5 spell: Lee's Rapid Deconstruction
  4009 | D:4      | Found Tesuneiz's Jewellery Emporium.
  4108 | D:4      | Noticed a slave
  4130 | D:4      | Noticed Pikel
  4135 | D:4      | Killed a slave
  4141 | D:4      | Noticed a slave
  4168 | D:4      | Noticed a slave
  4181 | D:4      | Killed a slave
  4186 | D:4      | Noticed a slave
  4535 | D:4      | Killed Pikel
  4535 | D:4      | Reached skill level 6 in Spellcasting
  4535 | D:4      | Reached XP level 7. HP: 24/36 MP: 5/16
  4765 | D:4      | Noticed an ogre
  4769 | D:4      | Killed an ogre
  4769 | D:4      | Reached XP level 8. HP: 41/41 MP: 12/17
  5026 | D:5      | Entered Level 5 of the Dungeon
  5229 | D:5      | Reached skill level 1 in Armour
  5245 | D:5      | Reached skill level 1 in Evocations
  5385 | D:5      | Reached skill level 1 in Fighting
  5385 | D:5      | Reached skill level 1 in Maces & Flails
  5616 | D:5      | Found Vusiuhut's Armour Shop.
  6259 | D:6      | Reached skill level 7 in Earth Magic
  6403 | D:6      | Found a staircase to the Ecumenical Temple.
  6408 | Temple   | Entered the Ecumenical Temple
  6484 | Temple   | Became a worshipper of Vehumet
  6955 | D:6      | Reached XP level 9. HP: 48/48 MP: 15/19
  7778 | D:7      | Reached * piety under Vehumet
  7778 | D:7      | Offered knowledge of Shock by Vehumet.
  7831 | D:7      | Reached skill level 5 in Conjurations
  7902 | D:7      | Found a flagged portal.
  7913 | Bailey   | Entered a bailey
  7913 | Bailey   | Noticed kkf5m's ghost (novice MiFi)
  7948 | Bailey   | Killed kkf5m's ghost
  8463 | Bailey   | Found a bloodstained altar of Trog.
  8622 | D:7      | Found Foagret's Jewellery Emporium.
  9074 | D:7      | Reached XP level 10. HP: 52/56 MP: 21/21
  9353 | D:8      | Reached skill level 8 in Earth Magic
  9374 | D:8      | Noticed Psyche
  9384 | D:8      | Killed Psyche
  9705 | D:9      | Reached ** piety under Vehumet
  9705 | D:9      | Offered knowledge of Searing Ray by Vehumet.
 10025 | D:9      | Found a stormy altar of Qazlal.
 10807 | D:10     | Entered Level 10 of the Dungeon
 10816 | D:10     | Found Miug's Food Boutique.
 10959 | D:10     | Offered knowledge of Ignite Poison by Vehumet.
 10964 | D:10     | Learned a level 3 spell: Ignite Poison
 11047 | D:10     | Reached *** piety under Vehumet
 11245 | D:10     | Noticed a hill giant
 11259 | D:10     | Killed a hill giant
 11259 | D:10     | Reached skill level 1 in Fire Magic
 11287 | D:10     | Offered knowledge of Static Discharge by Vehumet.
 11463 | D:10     | Found a staircase to the Lair.
 11490 | D:10     | Found a staircase to the Orcish Mines.
 11502 | D:10     | Found a roughly hewn altar of Beogh.
 11504 | D:10     | Reached XP level 11. HP: 60/62 MP: 17/23
 11652 | D:10     | Noticed a centaur warrior
 11652 | D:10     | Noticed a hill giant
 11813 | D:10     | Noticed an unseen horror
 11817 | D:10     | Killed an unseen horror
 11817 | D:10     | Reached skill level 5 in Armour
 11826 | D:10     | Reached skill level 1 in Shields
 12187 | D:10     | Killed a centaur warrior
 12187 | D:10     | Reached skill level 5 in Fighting
 12748 | D:10     | Killed a hill giant
 12922 | D:10     | Reached **** piety under Vehumet
 13012 | D:10     | Offered knowledge of Venom Bolt by Vehumet.
 13012 | D:10     | Reached skill level 9 in Earth Magic
 13505 | Lair:1   | Entered Level 1 of the Lair of Beasts
 13611 | Lair:1   | Got a distressingly furry leather armour
 13633 | Lair:1   | Identified the +3 leather armour of Modesty {MP+9} (You found it on level 1 of the Lair of Beasts)
 14165 | Lair:1   | Reached skill level 5 in Maces & Flails
 14623 | Lair:1   | Reached XP level 12. HP: 64/69 MP: 18/25
 14814 | Lair:2   | Reached ***** piety under Vehumet
 14923 | Lair:2   | Offered knowledge of Airstrike by Vehumet.
 15468 | Lair:2   | Reached skill level 5 in Dodging
 16024 | Lair:2   | Reached skill level 5 in Evocations
 16379 | Lair:3   | Reached skill level 5 in Fire Magic
 17240 | Lair:3   | Reached skill level 10 in Earth Magic
 17404 | Lair:3   | Reached skill level 10 in Spellcasting
 17683 | Lair:4   | Noticed a seven-headed hydra
 17693 | Lair:4   | Killed a seven-headed hydra
 17868 | Lair:4   | Reached XP level 13. HP: 52/76 MP: 27/27
 18286 | Lair:4   | Found a hole to the Spider Nest.
 18322 | Lair:4   | Offered knowledge of Bolt of Magma by Vehumet.
 18390 | Lair:4   | Learned a level 5 spell: Bolt of Magma
 18949 | Lair:5   | Noticed Kirke
 19180 | Lair:5   | Killed Kirke
 19529 | Lair:5   | Found a staircase to the Swamp.
 21703 | Lair:7   | Offered knowledge of Bolt of Cold by Vehumet.
 21953 | Lair:7   | Reached skill level 11 in Spellcasting
 21957 | Lair:7   | Gained mutation: Your large and strong wings let you fly indefinitely. [Gargoyle growth]
 21957 | Lair:7   | Reached XP level 14. HP: 84/84 MP: 26/29
 22583 | Lair:8   | Entered Level 8 of the Lair of Beasts
 23069 | Lair:8   | Got a pair of polished boots
 23075 | Lair:8   | Identified the cursed +0 pair of boots of Levity {rN+ Str-4 Int+3} (You found it on level 8 of the Lair of Beasts)
 23256 | Lair:8   | Offered knowledge of Bolt of Draining by Vehumet.
 24469 | Lair:8   | Slain by a dire elephant

Action                   |  1- 3 |  4- 6 |  7- 9 | 10-12 | 13-15 || total
-------------------------+-------+-------+-------+-------+-------++-------
Melee: Whip              |    27 |       |   267 |   550 |   456 ||  1300
       Spear             |     2 |       |       |       |       ||     2
       Quarterstaff      |       |   138 |       |       |       ||   138
       Unarmed           |       |       |       |       |     3 ||     3
Throw: Tomahawk          |       |       |     3 |     1 |       ||     4
       Stone             |       |       |       |     1 |     1 ||     2
 Cast: Sandblast         |    24 |    52 |   107 |    44 |       ||   227
       Stoneskin         |       |     8 |    15 |    28 |    19 ||    70
       Stone Arrow       |       |       |    10 |   298 |   251 ||   559
       Lee's Rapid Decon |       |       |       |    11 |     3 ||    14
       Bolt of Magma     |       |       |       |       |    60 ||    60
 Abil: Fly               |       |       |       |       |     1 ||     1
  Use: Scroll            |     1 |     2 |    11 |    13 |     1 ||    28
       Potion            |       |     1 |     2 |     3 |     5 ||    11
 Stab: Sleeping          |     1 |     4 |     2 |     3 |     2 ||    12
  Eat: Beef jerky        |     1 |       |       |       |     2 ||     3
       Chunk             |     2 |     6 |     4 |    11 |    11 ||    34
       Meat ration       |       |     1 |     2 |     5 |     1 ||     9
       Fruit             |       |       |     2 |     1 |       ||     3
       Bread ration      |       |       |       |       |     3 ||     3
